 Dungeon Crawl Stone Soup version 0.28.0-43-g3370ac3207 (webtiles) character file.

Game seed: 10999075881152762853

949 Ablot the Grasshopper (level 8, -2/59 (63) HPs)
             Began as a Gnoll Warper on Mar 3, 2022.
             Killed from afar by Dowan (14 damage)
             ... with a shard of ice
             ... on level 4 of the Dungeon.
             The game lasted 00:09:23 (6047 turns).

Ablot the Grasshopper (Gnoll Warper)                Turns: 6047, Time: 00:09:24

HP:   -2/59 (63)    AC:  7    Str: 12    XL:     8   Next: 13%
MP:   16/16         EV: 13    Int: 14    God:
Gold: 250           SH:  0    Dex: 11    Spells: 16/18 levels left

rFire   . . .      SeeInvis .   q - +2 spear of Accord {drain, rPois}
rCold   . . .      Faith    .   (no shield)
rNeg    . . .      Spirit   .   b - +0 leather armour
rPois   +          Reflect  .   s - +0 helmet
rElec   .          Harm     .   (no cloak)
rCorr   .          Rampage  .   a - +0 pair of gloves
Will    +....                   w - +0 pair of boots
Stlth   ++........              (no amulet)
HPRegen 0.19/turn               l - ring of willpower
MPRegen 0.15/turn               (no ring)

@: drained
A: fangs 1, strong nose, distributed training
a: no special abilities


You were on level 4 of the Dungeon.
You visited 1 branch of the dungeon, and saw 5 of its levels.

You collected 250 gold pieces.

Inventory:

Hand Weapons
 q - the +2 spear of Accord (weapon) {drain, rPois}
   (You found it on level 3 of the Dungeon)

   A truly terrible weapon, it drains the life of any living foe it strikes.
   rPois:     It protects you from poison.
 A - a +0 hunting sling
Missiles
 d - 5 boomerangs of dispersal (quivered)
 h - 188 stones
 j - 39 sling bullets
 o - 87 arrows
Armour
 a - a +0 pair of gloves (worn)
 b - a +0 leather armour (worn)
 s - a +0 helmet (worn)
 w - a +0 pair of boots (worn)
Jewellery
 l - a ring of willpower (left hand)
Scrolls
 c - a scroll of blinking
 f - a scroll of amnesia {unknown}
 g - 3 scrolls of fog {unknown}
 i - a scroll of enchant weapon {unknown}
 m - 2 scrolls of noise {unknown}
 p - 3 scrolls of teleportation {unknown}
 r - 3 scrolls of enchant armour {unknown}
 t - 5 scrolls of identify {unknown}
 v - a scroll of fear {unknown}
 y - a scroll of magic mapping {unknown}
 B - a scroll of summoning {unknown}
Potions
 e - 2 potions of heal wounds {unknown}
 k - a potion of ambrosia {unknown}
 u - a potion of might
 x - a potion of invisibility {unknown}
 z - a potion of berserk rage {unknown}


   Skills:
 + Level 5.5 Fighting
 + Level 3.0 Short Blades
 + Level 3.0 Long Blades
 + Level 3.0 Axes
 + Level 3.0 Maces & Flails
 + Level 5.5 Polearms
 + Level 3.0 Staves
 + Level 3.0 Slings
 + Level 3.0 Bows
 + Level 3.0 Crossbows
 + Level 4.0 Throwing
 + Level 4.0 Armour
 + Level 5.5 Dodging
 + Level 3.0 Stealth
 + Level 3.0 Shields
 + Level 3.0 Unarmed Combat
 + Level 5.9 Spellcasting
 + Level 2.4 Conjurations
 + Level 2.4 Hexes
 + Level 2.4 Summonings
 + Level 2.4 Necromancy
 + Level 6.0 Translocations
 + Level 2.4 Transmutations
 + Level 2.4 Fire Magic
 + Level 2.4 Ice Magic
 + Level 2.4 Air Magic
 + Level 2.4 Earth Magic
 + Level 2.4 Poison Magic
 + Level 3.3 Invocations
 + Level 3.0 Evocations


You had 16 spell levels left.
You knew the following spells:

 Your Spells              Type           Power      Damage    Failure   Level
a - Blink                 Tloc           42%        N/A       2%          2

Your spell library contained the following spells:

 Spells                   Type           Power      Damage    Failure   Level
 Gell's Gravitas          Tloc           21%        N/A       4%          3
 Lesser Beckoning         Tloc           21%        N/A       4%          3
 Teleport Other           Tloc           21%        N/A       4%          3
 Manifold Assault         Tloc           21%        N/A       43%         5


Dungeon Overview and Level Annotations

Branches:
Dungeon (5/15)
 Temple: D:4-7

Altars:
Ashenzari
Kikubaaqudgha
Wu Jian
Zin
The Shining One

Annotations:
D:4 Dowan
D:5 Menkaure


Innate Abilities, Weirdness & Mutations

You have very sharp teeth.
Your uncanny sense of smell can sniff out nearby items.
Your experience applies equally to all skills.


Message History

Dowan is heavily wounded.
Unknown command.
You closely miss Dowan. Your bite misses Dowan.
Dowan is heavily wounded.
Dowan hits you but does no damage.
You feel drained.
You miss Dowan.
Dowan is heavily wounded.
Dowan hits you with a +0 dagger of draining.
* * * LOW HITPOINT WARNING * * *
You feel drained. Dowan gestures at you while chanting.
The stone arrow hits you.
* * * LOW HITPOINT WARNING * * *
Dowan mumbles some strange words.
Dowan blinks!
Dowan gestures wildly while chanting.
Dowan blinks!
Throw: 3 darts (poison)
Press: ? - help, Q - select action, (/) - cycle Shift-Dir - straight line, f/p - Dowan
Aim: Dowan, wielding a +0 dagger of draining and wearing a +0 robe (severely wounded, fast, poisoned, heavily drained, 50% to hit)
You throw a poisoned dart. The poisoned dart barely misses Dowan.
Dowan gestures wildly while chanting.
Dowan blinks!
Throw: 2 darts (poison)
Press: ? - help, Q - select action, (/) - cycle Shift-Dir - straight line, f/p - Dowan
Aim: Dowan, wielding a +0 dagger of draining and wearing a +0 robe (severely wounded, fast, poisoned, heavily drained, 50% to hit)
You throw a poisoned dart. The poisoned dart closely misses Dowan.
Dowan casts a spell at you. The stone arrow misses you.
Throw: dart (poison)
Press: ? - help, Q - select action, (/) - cycle Shift-Dir - straight line, f/p - Dowan
Aim: Dowan, wielding a +0 dagger of draining and wearing a +0 robe (severely wounded, fast, poisoned, heavily drained, 50% to hit)
You throw a poisoned dart. The poisoned dart hits Dowan.
Dowan looks even sicker.
Dowan is severely wounded.
Dowan casts a spell at you. The stone arrow misses you.
Dowan points at you and mumbles some strange words.
The shard of ice hits you!
You die...

.##.........(.........).#ยง.....#
....####.[.....##..######......#
.####[...#...(.....# #......#
.###.)####....e...## ########
..##.#####.......##
#.##.............#
#..#.######.....##
.......#.........#
###..#...#......@##
.........#........#
##....##.##.....#.#
##.##..#.......##.##
.......#####.####..#
.......#####.....#.#
.)...........###.#.########
.............###..........##
.............##............##


You could see Dowan (fast, very poisoned, drained).

Vanquished Creatures
  Duvessa (D:4)
  An ogre (D:5)
  2 phantoms (D:5)
  2 scorpions
  4 orc priests
  A jelly (D:5)
  Natasha (thrice) (D:2)
  2 orc wizards (D:4)
  An iguana (D:5)
  Robin (D:4)
  5 adders
  An ufetubus (D:4)
  An adder skeleton (D:4)
  4 worms
  2 dart slugs
  10 orcs
  5 endoplasms
  12 giant cockroaches
  17 goblins
  10 hobgoblins
  7 jackals
  10 kobolds
  5 quokkas
  6 ball pythons
  6 bats
  5 frilled lizards
  7 rats
131 creatures vanquished.

Notes
Turn   | Place    | Note
-------+----------+-------------------------------------------
     0 | D:1      | Ablot the Gnoll Warper began the quest for the Orb.
     0 | D:1      | Reached XP level 1. HP: 20/20 MP: 6/6
     1 | D:1      | Found a runed translucent door.
   171 | D:1      | Reached XP level 2. HP: 23/26 MP: 7/7
   180 | D:1      | Learned a level 2 spell: Blink
   596 | D:1      | Reached XP level 3. HP: 31/31 MP: 9/9
   603 | D:1      | Reached skill level 5 in Spellcasting
  1057 | D:1      | Reached skill level 1 in Invocations
  1212 | D:2      | Reached skill level 1 in Short Blades
  1212 | D:2      | Reached skill level 1 in Long Blades
  1212 | D:2      | Reached skill level 1 in Axes
  1212 | D:2      | Reached skill level 1 in Maces & Flails
  1212 | D:2      | Reached skill level 1 in Staves
  1212 | D:2      | Reached skill level 1 in Slings
  1212 | D:2      | Reached skill level 1 in Bows
  1212 | D:2      | Reached skill level 1 in Crossbows
  1212 | D:2      | Reached skill level 1 in Stealth
  1212 | D:2      | Reached skill level 1 in Shields
  1212 | D:2      | Reached skill level 1 in Unarmed Combat
  1212 | D:2      | Reached skill level 1 in Evocations
  1539 | D:2      | Reached XP level 4. HP: 30/38 MP: 11/11
  1789 | D:2      | Noticed Natasha
  1820 | D:2      | Killed Natasha
  1821 | D:2      | Reached skill level 1 in Conjurations
  1821 | D:2      | Reached skill level 1 in Hexes
  1821 | D:2      | Reached skill level 1 in Summonings
  1821 | D:2      | Reached skill level 1 in Necromancy
  1821 | D:2      | Reached skill level 1 in Transmutations
  1821 | D:2      | Reached skill level 1 in Fire Magic
  1821 | D:2      | Reached skill level 1 in Ice Magic
  1821 | D:2      | Reached skill level 1 in Air Magic
  1821 | D:2      | Reached skill level 1 in Earth Magic
  1821 | D:2      | Reached skill level 1 in Poison Magic
  2422 | D:2      | Noticed Natasha
  2447 | D:2      | Killed Natasha
  2448 | D:2      | Reached XP level 5. HP: 9/43 MP: 12/12
  2729 | D:2      | Noticed Natasha
  2743 | D:2      | Killed Natasha
  3143 | D:3      | Found an ancient bone altar of Kikubaaqudgha.
  3308 | D:3      | Identified the +2 spear of Accord {drain, rPois}
  3331 | D:3      | Found a glowing silver altar of Zin.
  3543 | D:3      | Found a broken altar of Ashenzari.
  3544 | D:3      | Found an ornate altar of the Wu Jian Council.
  3547 | D:3      | Found a glowing golden altar of the Shining One.
  3673 | D:4      | Noticed Robin
  3705 | D:4      | Reached XP level 6. HP: 39/50 MP: 14/14
  3713 | D:4      | Killed Robin
  3933 | D:4      | Reached skill level 5 in Fighting
  3933 | D:4      | Reached skill level 5 in Polearms
  3933 | D:4      | Reached skill level 5 in Dodging
  4536 | D:5      | Entered Level 5 of the Dungeon
  4577 | D:5      | Reached XP level 7. HP: 24/56 MP: 15/15
  5380 | D:5      | Noticed Menkaure
  5815 | D:5      | Noticed Dowan
  5816 | D:5      | Noticed Duvessa
  5848 | D:4      | Reached skill level 6 in Translocations
  5848 | D:4      | Reached XP level 8. HP: 33/63 MP: 16/16
  6021 | D:4      | Killed Duvessa
  6047 | D:4      | Killed from afar by Dowan

Illustrated notes

Levels and vault maps discovered:
D:1:      dpeg_arrival_caged_fury, layout_loops_ring
D:2:      layout_basic, uniq_natasha
D:3:      layout_rooms, overflow_temple_1_default, mainiacjoe_overflow_alcove_3
D:4:      layout_rooms, uniq_robin
D:5:      layout_loops_ring, minmay_temple_entry_steel_oval, uniq_menkaure,
          uniq_duvessa

Skill      XL: |  1  2  3  4  5  6  7  8 |
---------------+-------------------------+-----
Spellcasting   | 5 |  5.9
Invocations    | 1 2 3 |  3.3
Short Blades   | 1 2 3 |  3.0
Long Blades    | 1 2 3 |  3.0
Axes           | 1 2 3 |  3.0
Maces & Flails | 1 2 3 |  3.0
Staves         | 1 2 3 |  3.0
Slings         | 1 2 3 |  3.0
Bows           | 1 2 3 |  3.0
Crossbows      | 1 2 3 |  3.0
Stealth        | 1 2 3 |  3.0
Shields        | 1 2 3 |  3.0
Unarmed Combat | 1 2 3 |  3.0
Evocations     | 1 2 3 |  3.0
Conjurations   | 1 2 |  2.4
Hexes          | 1 2 |  2.4
Summonings     | 1 2 |  2.4
Necromancy     | 1 2 |  2.4
Transmutations | 1 2 |  2.4
Fire Magic     | 1 2 |  2.4
Ice Magic      | 1 2 |  2.4
Air Magic      | 1 2 |  2.4
Earth Magic    | 1 2 |  2.4
Poison Magic   | 1 2 |  2.4
Throwing       | 3 4 |  4.0
Armour         | 3 4 |  4.0
Fighting       | 5 |  5.5
Polearms       | 5 |  5.5
Dodging        | 5 |  5.5
Translocations | 6 |  6.0

Action                   |  1- 3 |  4- 6 |  7- 9 || total
-------------------------+-------+-------+-------++-------
Melee: Spear             |   208 |   337 |   120 ||   665
       Bite              |    20 |    27 |     7 ||    54
       Punch             |       |     9 |     2 ||    11
Throw: Dart              |       |     2 |     9 ||    11
       Throwing net      |       |       |     1 ||     1
 Cast: Blink             |       |     4 |     2 ||     6
 Stab: Sleeping          |     1 |     5 |       ||     6
Armor: Leather armour    |    38 |    60 |    26 ||   124
Dodge: Dodged            |    99 |   146 |    76 ||   321
